[Event "55th Biel Festival MTO 2022"]
[Site "Biel"]
[Date "2022.07.15"]
[Round "1.1"]
[White "Kolbus Dietmar"]
[Black "Yu Yangyi"]
[Result "0-1"]
[ECO "E15"]
[WhiteElo "2285"]
[BlackElo "2720"]
[Annotator "ChessBase"]
[PlyCount "68"]
[EventDate "2022.07.13"]
[EventType "swiss"]
[EventCountry "SUI"]
[SourceTitle "playchess.com"]
[Source "ChessBase"]
[SourceQuality "1"]
[TimeControl "40/5400+30:1800+30"]

1. d4 Nf6 2. c4 e6 3. Nf3 b6 4. g3 Ba6 5. Qa4 Bb7 6. Bg2 c5 7. O-O cxd4 8. Nxd4 Bxg2 9. Kxg2 Be7 10. Nc3 O-O 11. Bg5 Qc7 12. Rac1 Rc8 13. Nf3 h6 14. Bxf6 Bxf6 15. Nd2 Nc6 16. Kg1 a6 17. Qd1 Ne5 18. b3 b5 19. cxb5 axb5 20. a4 bxa4 21. Nxa4 Qb7 22. Rxc8+ Rxc8 23. Qb1 Qb5 24. Re1 d5 25. Kg2 h5 26. Nf3 Nxf3 27. Kxf3 Rb8 28. Rd1 d4 29. e4 dxe3 30. Kxe3 Qc6 31. h4 Rb5 32. Rd3 Qg2 33. Ke2 Qe4+ 34. Kd2 Qxa4 0-1

[Event "55th Biel Festival MTO 2022"]
[Site "Biel"]
[Date "2022.07.15"]
[Round "1.2"]
[White "Alekseenko Kirill"]
[Black "Bewersdorff Oliver"]
[Result "1-0"]
[ECO "C85"]
[WhiteElo "2708"]
[BlackElo "2280"]
[Annotator "ChessBase"]
[PlyCount "71"]
[EventDate "2022.07.13"]
[EventType "swiss"]
[EventCountry "SUI"]
[SourceTitle "playchess.com"]
[Source "ChessBase"]
[SourceQuality "1"]
[TimeControl "40/5400+30:1800+30"]

1. e4 e5 2. Nf3 Nc6 3. Bb5 a6 4. Ba4 Nf6 5. O-O Be7 6. Bxc6 dxc6 7. d3 Nd7 8. b3 O-O 9. Bb2 f6 10. Nbd2 c5 11. Nh4 Nb8 12. Nf5 Nc6 13. Qg4 Bxf5 14. exf5 Qd7 15. Rae1 Bd6 16. Ne4 Ne7 17. Ng3 Kh8 18. Qf3 c6 19. Re4 Nd5 20. Rh4 Qf7 21. Bc1 Rad8 22. Ne4 Be7 23. Re1 Nb4 24. Qh3 Qg8 25. Re3 Nxc2 26. Rg3 Nb4 27. Bd2 Nd5 28. Qg4 Nf4 29. Bxf4 exf4 30. Qxf4 Rf7 31. Qc7 Qe8 32. Rgh3 h6 33. Rxh6+ gxh6 34. Rxh6+ Kg8 35. Qg3+ Rg7 36. Qh4 1-0

[Event "55th Biel Festival MTO 2022"]
[Site "Biel"]
[Date "2022.07.15"]
[Round "1.3"]
[White "Schwander Lukas"]
[Black "Fedoseev Vladimir"]
[Result "0-1"]
[ECO "A35"]
[WhiteElo "2274"]
[BlackElo "2686"]
[Annotator "ChessBase"]
[PlyCount "56"]
[EventDate "2022.07.13"]
[EventType "swiss"]
[EventCountry "SUI"]
[SourceTitle "playchess.com"]
[Source "ChessBase"]
[SourceQuality "1"]
[TimeControl "40/5400+30:1800+30"]

1. Nf3 c5 2. c4 Nc6 3. Nc3 g6 4. e3 Bg7 5. d4 d6 6. d5 Na5 7. Bd2 a6 8. a3 Bd7 9. b4 cxb4 10. axb4 Nxc4 11. Bxc4 Rc8 12. Qb3 Qc7 13. Bxa6 bxa6 14. O-O Qb7 15. Ra5 Nf6 16. Rfa1 Bb5 17. Nxb5 axb5 18. Nd4 Qxd5 19. Qxd5 Nxd5 20. Rxb5 e5 21. Rb7 O-O 22. Raa7 exd4 23. exd4 Bxd4 24. b5 Rc2 25. Be3 Rcc8 26. Kf1 Bb2 27. h3 Kg7 28. g4 h5 0-1

[Event "55th Biel Festival MTO 2022"]
[Site "Biel"]
[Date "2022.07.15"]
[Round "1.4"]
[White "Martirosyan Haik M."]
[Black "Schnepp Gunnar"]
[Result "1-0"]
[ECO "E10"]
[WhiteElo "2672"]
[BlackElo "2265"]
[Annotator "ChessBase"]
[PlyCount "29"]
[EventDate "2022.07.13"]
[EventType "swiss"]
[EventCountry "SUI"]
[SourceTitle "playchess.com"]
[Source "ChessBase"]
[SourceQuality "1"]
[TimeControl "40/5400+30:1800+30"]

1. d4 Nf6 2. c4 e6 3. Nf3 c5 4. d5 b5 5. dxe6 fxe6 6. cxb5 Bb7 7. Nc3 Be7 8. Bf4 O-O 9. e3 d5 10. Be2 Nh5 11. Bg3 a6 12. bxa6 Nxa6 13. Be5 Nb4 14. O-O Nc6 15. Bg3 1-0

[Event "55th Biel Festival MTO 2022"]
[Site "Biel"]
[Date "2022.07.15"]
[Round "1.5"]
[White "Nideroest Bruno"]
[Black "Sargsyan Shant"]
[Result "0-1"]
[ECO "E61"]
[WhiteElo "2258"]
[BlackElo "2661"]
[Annotator "ChessBase"]
[PlyCount "70"]
[EventDate "2022.07.13"]
[EventType "swiss"]
[EventCountry "SUI"]
[SourceTitle "playchess.com"]
[Source "ChessBase"]
[SourceQuality "1"]
[TimeControl "40/5400+30:1800+30"]

1. d4 Nf6 2. c4 d6 3. Nf3 g6 4. Nc3 Bf5 5. Nh4 Bd7 6. e4 e5 7. Nf3 Nc6 8. d5 Ne7 9. c5 Bg7 10. Qb3 Qb8 11. cxd6 cxd6 12. Bb5 O-O 13. O-O Bg4 14. Nd2 Rc8 15. f3 Bd7 16. Nc4 Qc7 17. Na3 a6 18. Bxd7 Nxd7 19. Be3 b5 20. Rac1 Nc5 21. Bxc5 Qxc5+ 22. Kh1 Bh6 23. Rc2 Qb6 24. Nd1 Rc5 25. Nf2 Rac8 26. Nd3 Rxc2 27. Nxc2 Qc7 28. Rf2 Kg7 29. g3 f5 30. Kg2 Qd7 31. h3 a5 32. Na3 Rb8 33. Rc2 b4 34. Nb1 a4 35. Qc4 Rc8 0-1

[Event "55th Biel Festival MTO 2022"]
[Site "Biel"]
[Date "2022.07.15"]
[Round "1.6"]
[White "Shevchenko Kirill"]
[Black "Dishman Stephen"]
[Result "1-0"]
[ECO "B13"]
[WhiteElo "2654"]
[BlackElo "2252"]
[Annotator "ChessBase"]
[PlyCount "135"]
[EventDate "2022.07.13"]
[EventType "swiss"]
[EventCountry "SUI"]
[SourceTitle "playchess.com"]
[Source "ChessBase"]
[SourceQuality "1"]
[TimeControl "40/5400+30:1800+30"]

1. e4 c6 2. d4 d5 3. exd5 cxd5 4. Bd3 Nc6 5. c3 Qc7 6. h3 g6 7. Ne2 Bf5 8. Bxf5 gxf5 9. Bf4 Qb6 10. O-O e6 11. c4 dxc4 12. Nd2 Rd8 13. Nxc4 Qa6 14. Rc1 Nf6 15. Qb3 Be7 16. Rfe1 Rg8 17. Ne5 Nb4 18. Bh2 Nbd5 19. Nc3 Kf8 20. Nxd5 Nxd5 21. Rc4 Qb6 22. Qc2 Kg7 23. Rd1 Bd6 24. Qe2 Bxe5 25. Bxe5+ f6 26. Bh2 Kh8 27. Re1 Rde8 28. Rc5 a6 29. Kh1 Qd8 30. Qf3 Qd7 31. Bg3 b6 32. Rc2 Qg7 33. Rc6 f4 34. Bh4 Qd7 35. Rc2 Rg6 36. Rce2 Rh6 37. g3 a5 38. Re4 Qf7 39. Qe2 fxg3 40. fxg3 Nc7 41. Qc4 Qd7 42. Rc1 Qd5 43. Qxd5 Nxd5 44. Rc6 f5 45. Re5 Kg8 46. Rd6 Kf7 47. Kg2 Rc8 48. Kf3 Rc2 49. Rexd5 Rxh4 50. gxh4 exd5 51. Rxb6 Rd2 52. Ke3 Rh2 53. Kf4 Rxh3 54. Kxf5 Rxh4 55. Rb7+ Kg8 56. Ke5 Rh5+ 57. Ke6 Rg5 58. Rb5 a4 59. Rxd5 Rxd5 60. Kxd5 h5 61. b4 axb3 62. axb3 Kf7 63. b4 Ke7 64. Ke5 Kd7 65. b5 Kc7 66. d5 Kb6 67. d6 Kb7 68. Ke6 1-0

[Event "55th Biel Festival MTO 2022"]
[Site "Biel"]
[Date "2022.07.15"]
[Round "1.7"]
[White "Dauth Benjamin"]
[Black "Motylev Alexander"]
[Result "0-1"]
[ECO "B92"]
[WhiteElo "2243"]
[BlackElo "2632"]
[Annotator "ChessBase"]
[PlyCount "84"]
[EventDate "2022.07.13"]
[EventType "swiss"]
[EventCountry "SUI"]
[SourceTitle "playchess.com"]
[Source "ChessBase"]
[SourceQuality "1"]
[TimeControl "40/5400+30:1800+30"]

1. e4 c5 2. Nf3 d6 3. d4 cxd4 4. Nxd4 Nf6 5. Nc3 a6 6. Be2 e5 7. Nb3 Be7 8. O-O O-O 9. Be3 Be6 10. Nd5 Bxd5 11. exd5 Nbd7 12. c4 a5 13. Nd2 Nc5 14. a3 a4 15. Bxc5 dxc5 16. Nb1 Ne4 17. Nc3 Nxc3 18. bxc3 Bd6 19. Rb1 b6 20. Rb2 f5 21. f3 Rf6 22. Qc2 Bc7 23. g3 Qd7 24. Bd3 Raf8 25. Qb1 h5 26. Rg2 Qf7 27. Bc2 e4 28. f4 h4 29. Bxa4 Rh6 30. Bd1 Qf6 31. Qc1 hxg3 32. hxg3 Kf7 33. Qe3 Rfh8 34. a4 Rh3 35. Kf2 Qd6 36. Ke1 Bd8 37. Kd2 Bf6 38. Rgg1 Qd8 39. Kc2 Qa8 40. Kb3 Qa5 41. Bc2 Rh2 42. Ra1 Re2 0-1

[Event "55th Biel Festival MTO 2022"]
[Site "Biel"]
[Date "2022.07.15"]
[Round "1.8"]
[White "Lagarde Maxime"]
[Black "Ermitsch Magnus"]
[Result "1-0"]
[ECO "D41"]
[WhiteElo "2631"]
[BlackElo "2234"]
[Annotator "ChessBase"]
[PlyCount "59"]
[EventDate "2022.07.13"]
[EventType "swiss"]
[EventCountry "SUI"]
[SourceTitle "playchess.com"]
[Source "ChessBase"]
[SourceQuality "1"]
[TimeControl "40/5400+30:1800+30"]

1. d4 Nf6 2. c4 e6 3. Nf3 d5 4. Nc3 c5 5. cxd5 Nxd5 6. e4 Nxc3 7. bxc3 cxd4 8. cxd4 Bb4+ 9. Bd2 Bxd2+ 10. Qxd2 O-O 11. Rd1 Bd7 12. h4 Bc6 13. Bd3 Ba4 14. Rb1 Nc6 15. Be2 Qd6 16. h5 h6 17. Rh4 Rad8 18. d5 Ne5 19. Nxe5 Qxe5 20. Qb2 Qxb2 21. Rxb2 Rfe8 22. e5 Bd7 23. d6 Bc6 24. Bb5 Bxb5 25. Rxb5 b6 26. Rc4 f6 27. f4 Rd7 28. a4 g6 29. a5 Rb8 30. hxg6 1-0

[Event "55th Biel Festival MTO 2022"]
[Site "Biel"]
[Date "2022.07.15"]
[Round "1.9"]
[White "Mamedov Edgar"]
[Black "Sethuraman S.P."]
[Result "0-1"]
[ECO "A21"]
[WhiteElo "2227"]
[BlackElo "2623"]
[Annotator "ChessBase"]
[PlyCount "82"]
[EventDate "2022.07.13"]
[EventType "swiss"]
[EventCountry "SUI"]
[SourceTitle "playchess.com"]
[Source "ChessBase"]
[SourceQuality "1"]
[TimeControl "40/5400+30:1800+30"]

1. d4 d6 2. c4 e5 3. Nf3 e4 4. Ng5 f5 5. Nc3 c6 6. Nh3 Nf6 7. e3 Be7 8. Be2 O-O 9. O-O Na6 10. Bd2 Kh8 11. Qb3 Nc7 12. f3 d5 13. cxd5 Ncxd5 14. Nxd5 cxd5 15. f4 a5 16. a4 h6 17. Rac1 Rg8 18. Qc2 Bd6 19. b4 axb4 20. Rb1 Bd7 21. Bxb4 Bxa4 22. Qb2 Bc6 23. Bxd6 Qxd6 24. Ra1 Rgc8 25. Rfc1 Qf8 26. Nf2 Rxa1 27. Rxa1 Ra8 28. Rxa8 Qxa8 29. Nd1 Qa5 30. Qc3 Qa4 31. h3 Kh7 32. Kh2 Bb5 33. Bxb5 Qxb5 34. Qc8 Kg6 35. Qc2 Qc4 36. Qf2 b5 37. Nb2 Qc1 38. Qe2 b4 39. g4 fxg4 40. hxg4 Qxe3 41. f5+ Kf7 0-1

[Event "55th Biel Festival MTO 2022"]
[Site "Biel"]
[Date "2022.07.15"]
[Round "1.10"]
[White "Iturrizaga Bonelli Eduardo"]
[Black "Kittler Thorsten"]
[Result "1-0"]
[ECO "A39"]
[WhiteElo "2619"]
[BlackElo "2226"]
[Annotator "ChessBase"]
[PlyCount "41"]
[EventDate "2022.07.13"]
[EventType "swiss"]
[EventCountry "SUI"]
[SourceTitle "playchess.com"]
[Source "ChessBase"]
[SourceQuality "1"]
[TimeControl "40/5400+30:1800+30"]

1. c4 Nf6 2. g3 c5 3. Bg2 Nc6 4. Nc3 g6 5. Nf3 Bg7 6. d4 cxd4 7. Nxd4 O-O 8. O-O Nxd4 9. Qxd4 d6 10. Qd3 Bf5 11. e4 Be6 12. b3 Qa5 13. Bd2 Qh5 14. f3 Nd7 15. Rae1 Qc5+ 16. Kh1 Ne5 17. Qc2 Nc6 18. Nd5 b5 19. f4 Kh8 20. h3 h6 21. g4 1-0

[Event "55th Biel Festival MTO 2022"]
[Site "Biel"]
[Date "2022.07.15"]
[Round "1.11"]
[White "Kamber Bruno"]
[Black "Puranik Abhimanyu"]
[Result "0-1"]
[ECO "B68"]
[WhiteElo "2225"]
[BlackElo "2612"]
[Annotator "ChessBase"]
[PlyCount "23"]
[EventDate "2022.07.13"]
[EventType "swiss"]
[EventCountry "SUI"]
[SourceTitle "playchess.com"]
[Source "ChessBase"]
[SourceQuality "1"]
[TimeControl "40/5400+30:1800+30"]

1. e4 c5 2. Nf3 Nc6 3. Nc3 d6 4. d4 cxd4 5. Nxd4 Nf6 6. Bg5 Bd7 7. Qd2 a6 8. O-O-O e6 9. f4 Be7 10. Nf3 h6 11. Bxf6 gxf6 12. f5 0-1

[Event "55th Biel Festival MTO 2022"]
[Site "Biel"]
[Date "2022.07.15"]
[Round "1.13"]
[White "Asllani Dorian"]
[Black "Aryan Chopra"]
[Result "0-1"]
[ECO "A77"]
[WhiteElo "2220"]
[BlackElo "2610"]
[Annotator "ChessBase"]
[PlyCount "55"]
[EventDate "2022.07.13"]
[EventType "swiss"]
[EventCountry "SUI"]
[SourceTitle "playchess.com"]
[Source "ChessBase"]
[SourceQuality "1"]
[TimeControl "40/5400+30:1800+30"]

1. d4 Nf6 2. c4 g6 3. Nc3 Bg7 4. e4 d6 5. f4 c5 6. d5 O-O 7. Nf3 e6 8. Be2 exd5 9. cxd5 Nbd7 10. O-O Re8 11. Qc2 a6 12. a4 Qc7 13. Nd2 Rb8 14. a5 b5 15. axb6 Nxb6 16. Nc4 Nxc4 17. Bxc4 Rb4 18. Bd3 Qe7 19. Bd2 c4 20. Be2 Nxe4 21. Nxe4 Rxb2 22. Qxc4 Qxe4 23. Qxe4 Rxe4 24. Bf3 Rxd2 25. Bxe4 Bd4+ 26. Kh1 Bxa1 27. Rxa1 Rd4 28. Bf3 0-1

[Event "55th Biel Festival MTO 2022"]
[Site "Biel"]
[Date "2022.07.15"]
[Round "1.14"]
[White "Huschenbeth Niclas"]
[Black "Mahitosh Dey"]
[Result "1-0"]
[ECO "C42"]
[WhiteElo "2610"]
[BlackElo "2212"]
[Annotator "ChessBase"]
[PlyCount "38"]
[EventDate "2022.07.13"]
[EventType "swiss"]
[EventCountry "SUI"]
[SourceTitle "playchess.com"]
[Source "ChessBase"]
[SourceQuality "1"]
[TimeControl "40/5400+30:1800+30"]

1. e4 e5 2. Nf3 Nf6 3. Nxe5 d6 4. Nf3 Nxe4 5. d4 d5 6. Bd3 Bd6 7. O-O O-O 8. c4 c6 9. Re1 Bf5 10. Qb3 Na6 11. cxd5 cxd5 12. Nc3 Be6 13. Bb1 Nc7 14. Qd1 f5 15. Ne5 Qh4 16. f3 Bxe5 17. dxe5 Nxc3 18. bxc3 Nb5 19. g3 h5 1-0

[Event "55th Biel Festival MTO 2022"]
[Site "Biel"]
[Date "2022.07.15"]
[Round "1.15"]
[White "Li Dominique"]
[Black "Ganguly Surya Shekhar"]
[Result "0-1"]
[ECO "C70"]
[WhiteElo "2212"]
[BlackElo "2608"]
[Annotator "ChessBase"]
[PlyCount "66"]
[EventDate "2022.07.13"]
[EventType "swiss"]
[EventCountry "SUI"]
[SourceTitle "playchess.com"]
[Source "ChessBase"]
[SourceQuality "1"]
[TimeControl "40/5400+30:1800+30"]

1. e4 e5 2. Nf3 Nc6 3. Bb5 a6 4. Ba4 f5 5. d3 fxe4 6. dxe4 Nf6 7. Qe2 d6 8. c3 Be7 9. Nbd2 O-O 10. h3 Kh8 11. Nf1 Qe8 12. Ng3 Nh5 13. Nxh5 Qxh5 14. Qf1 Qg6 15. Bc2 d5 16. Be3 d4 17. Bd2 dxc3 18. Bxc3 Bb4 19. Bd2 Nd4 20. Nxd4 Bxd2+ 21. Kxd2 Qg5+ 22. Kd1 Rd8 23. Bd3 Rxd4 24. Kc2 Be6 25. b3 c5 26. Kb2 c4 27. Bc2 c3+ 28. Kxc3 Rc8+ 29. Kb2 Rxc2+ 30. Kxc2 Qd2+ 31. Kb1 Rxe4 32. Qd1 Re1 33. g4 Qxd1+ 0-1

[Event "55th Biel Festival MTO 2022"]
[Site "Biel"]
[Date "2022.07.15"]
[Round "1.16"]
[White "Erdos Viktor"]
[Black "Gomez Barrera Javiera Belen"]
[Result "1-0"]
[ECO "E62"]
[WhiteElo "2586"]
[BlackElo "2210"]
[Annotator "ChessBase"]
[PlyCount "43"]
[EventDate "2022.07.13"]
[EventType "swiss"]
[EventCountry "SUI"]
[SourceTitle "playchess.com"]
[Source "ChessBase"]
[SourceQuality "1"]
[TimeControl "40/5400+30:1800+30"]

1. d4 Nf6 2. c4 g6 3. g3 Bg7 4. Bg2 d6 5. Nc3 O-O 6. Nf3 Nc6 7. O-O e5 8. h3 exd4 9. Nxd4 Nxd4 10. Qxd4 Be6 11. Qh4 Nh5 12. Bg5 Bf6 13. Bxf6 Qxf6 14. Qxf6 Nxf6 15. b3 Rab8 16. Nb5 Ne8 17. Rfd1 a6 18. Nd4 Ng7 19. Rd3 Nf5 20. e4 Kg7 21. h4 h6 22. g4 1-0

[Event "55th Biel Festival MTO 2022"]
[Site "Biel"]
[Date "2022.07.15"]
[Round "1.17"]
[White "Vasquez Toledo Cristian"]
[Black "Mendonca Leon Luke"]
[Result "0-1"]
[ECO "B12"]
[WhiteElo "2206"]
[BlackElo "2567"]
[Annotator "ChessBase"]
[PlyCount "66"]
[EventDate "2022.07.13"]
[EventType "swiss"]
[EventCountry "SUI"]
[SourceTitle "playchess.com"]
[Source "ChessBase"]
[SourceQuality "1"]
[TimeControl "40/5400+30:1800+30"]

1. e4 c6 2. d4 d5 3. e5 c5 4. Nf3 cxd4 5. Qxd4 Nc6 6. Qf4 e6 7. a3 f6 8. Nc3 Nh6 9. Bb5 Nf7 10. O-O Be7 11. Qg3 O-O 12. exf6 Bxf6 13. Bxc6 bxc6 14. Bf4 Qb6 15. Rab1 c5 16. Rfe1 Bd7 17. Ne5 Nxe5 18. Bxe5 a5 19. b3 Rf7 20. Re2 Bxe5 21. Rxe5 Raf8 22. Rg5 Qb8 23. Qxb8 Rxb8 24. a4 Rf4 25. Kf1 c4 26. Ke2 cxb3 27. cxb3 Rfb4 28. Rc1 Rc8 29. Kd2 Rxb3 30. Rc2 Rb4 31. Re5 Rd4+ 32. Ke3 Rdc4 33. Kd3 d4 0-1

[Event "55th Biel Festival MTO 2022"]
[Site "Biel"]
[Date "2022.07.15"]
[Round "1.19"]
[White "Schlegel Igor"]
[Black "Petrov Martin"]
[Result "1/2-1/2"]
[ECO "B53"]
[WhiteElo "2194"]
[BlackElo "2534"]
[Annotator "ChessBase"]
[PlyCount "58"]
[EventDate "2022.07.13"]
[EventType "swiss"]
[EventCountry "SUI"]
[SourceTitle "playchess.com"]
[Source "ChessBase"]
[SourceQuality "1"]
[TimeControl "40/5400+30:1800+30"]

1. e4 c5 2. Nf3 d6 3. d4 cxd4 4. Qxd4 Nf6 5. Be2 Nc6 6. Qe3 g6 7. O-O Bg7 8. h3 O-O 9. Rd1 Nd7 10. Nc3 Nb4 11. Rd2 b6 12. b3 Bb7 13. Bb2 Rc8 14. Rb1 a6 15. a3 Nc6 16. Nd5 Bxb2 17. Rxb2 e6 18. Nf4 Nde5 19. Nxe5 Nxe5 20. c4 Qc7 21. Rd4 Rfd8 22. Rbd2 Nc6 23. R4d3 Ne5 24. Rd4 a5 25. h4 Nc6 26. R4d3 Ne5 27. Rd4 Qe7 28. h5 g5 29. Nh3 h6 1/2-1/2

[Event "55th Biel Festival MTO 2022"]
[Site "Biel"]
[Date "2022.07.15"]
[Round "1.20"]
[White "Iniyan P"]
[Black "Acikel Mert"]
[Result "1-0"]
[ECO "D58"]
[WhiteElo "2533"]
[BlackElo "2172"]
[Annotator "ChessBase"]
[PlyCount "42"]
[EventDate "2022.07.13"]
[EventType "swiss"]
[EventCountry "SUI"]
[SourceTitle "playchess.com"]
[Source "ChessBase"]
[SourceQuality "1"]
[TimeControl "40/5400+30:1800+30"]

1. d4 d5 2. c4 e6 3. Nc3 Nf6 4. Bg5 Be7 5. e3 h6 6. Bh4 O-O 7. Nf3 b6 8. Qb3 Bb7 9. Bxf6 Bxf6 10. cxd5 exd5 11. Rd1 Re8 12. Bd3 c6 13. O-O Nd7 14. e4 dxe4 15. Nxe4 Qc7 16. Rfe1 Rad8 17. Re3 c5 18. d5 Bd4 19. d6 Qb8 20. Neg5 Rf8 21. Nxf7 Rxf7 1-0

[Event "55th Biel Festival MTO 2022"]
[Site "Biel"]
[Date "2022.07.15"]
[Round "1.22"]
[White "Gagare Shardul"]
[Black "Ludwig Peter"]
[Result "1-0"]
[ECO "A38"]
[WhiteElo "2514"]
[BlackElo "2163"]
[Annotator "ChessBase"]
[PlyCount "68"]
[EventDate "2022.07.13"]
[EventType "swiss"]
[EventCountry "SUI"]
[SourceTitle "playchess.com"]
[Source "ChessBase"]
[SourceQuality "1"]
[TimeControl "40/5400+30:1800+30"]

1. Nf3 Nf6 2. c4 c5 3. g3 Nc6 4. Bg2 g6 5. b3 Bg7 6. Bb2 O-O 7. O-O d6 8. Nc3 Bd7 9. e3 Qc8 10. d4 Bg4 11. Qd3 e5 12. d5 Ne7 13. Nd2 Qd7 14. f4 exf4 15. Rxf4 Rae8 16. Nce4 Nxe4 17. Bxg7 Nxg3 18. hxg3 Kxg7 19. Qc3+ f6 20. Ne4 Ng8 21. Nxd6 Qxd6 22. Rxg4 Re5 23. Rf4 Rfe8 24. e4 g5 25. Rf2 Nh6 26. Bf3 Nf5 27. exf5 Re3 28. Qd2 Qxg3+ 29. Bg2 h5 30. d6 Rd3 31. d7 Rd8 32. Qe2 R8xd7 33. Qxh5 Qe5 34. Raf1 g4 1-0

[Event "55th Biel Festival MTO 2022"]
[Site "Biel"]
[Date "2022.07.15"]
[Round "1.23"]
[White "Jaksland Tim"]
[Black "Visakh N R"]
[Result "0-1"]
[ECO "C54"]
[WhiteElo "2149"]
[BlackElo "2503"]
[Annotator "ChessBase"]
[PlyCount "72"]
[EventDate "2022.07.13"]
[EventType "swiss"]
[EventCountry "SUI"]
[SourceTitle "playchess.com"]
[Source "ChessBase"]
[SourceQuality "1"]
[TimeControl "40/5400+30:1800+30"]

1. e4 e5 2. Nf3 Nc6 3. Bc4 Bc5 4. d3 Nf6 5. Bg5 h6 6. Bh4 d6 7. c3 a6 8. a4 Ba7 9. Nbd2 Qe7 10. b4 g5 11. Bg3 Nh5 12. Qe2 Qf6 13. b5 Ne7 14. d4 Ng6 15. Nxe5 Nhf4 16. Bxf4 Nxf4 17. Ng4 Qe7 18. Qf3 d5 19. g3 dxe4 20. Qxe4 Bxg4 21. Qxe7+ Kxe7 22. gxf4 axb5 23. Bxb5 gxf4 24. f3 Bh3 25. Bf1 Bd7 26. a5 Rhg8 27. Ne4 Bb6 28. a6 bxa6 29. Rxa6 Rxa6 30. Bxa6 Ra8 31. Be2 Ra1+ 32. Bd1 f5 33. Nf2 Ba5 34. Kd2 Ra3 35. Nd3 Bxc3+ 36. Kc2 Ba4+ 0-1

[Event "55th Biel Festival MTO 2022"]
[Site "Biel"]
[Date "2022.07.15"]
[Round "1.26"]
[White "Raja Harshit"]
[Black "Kornitzky Tino"]
[Result "0-1"]
[ECO "C77"]
[WhiteElo "2477"]
[BlackElo "2141"]
[Annotator "ChessBase"]
[PlyCount "96"]
[EventDate "2022.07.13"]
[EventType "swiss"]
[EventCountry "SUI"]
[SourceTitle "playchess.com"]
[Source "ChessBase"]
[SourceQuality "1"]
[TimeControl "40/5400+30:1800+30"]

1. e4 e5 2. Nf3 Nc6 3. Bb5 a6 4. Ba4 Be7 5. O-O Nf6 6. d3 b5 7. Bb3 O-O 8. Nc3 d6 9. a3 Na5 10. Ba2 c5 11. b4 Nb7 12. Nd5 Be6 13. Nxf6+ Bxf6 14. Bxe6 fxe6 15. c3 d5 16. Qe2 Qc7 17. Re1 Rfe8 18. h4 c4 19. dxc4 bxc4 20. Bg5 Nd6 21. exd5 exd5 22. Qd2 Qf7 23. Rad1 Ne4 24. Qxd5 Nxc3 25. Qxf7+ Kxf7 26. Rc1 Nb5 27. Rxc4 Nxa3 28. Rc7+ Kg6 29. g4 h5 30. gxh5+ Kxh5 31. Rec1 Nb5 32. R7c6 Bxg5 33. Nxg5 Nd4 34. Kg2 Nxc6 35. Rxc6 Kxh4 36. Ne4 Rab8 37. Rc4 Kh5 38. Kg3 Rec8 39. Nc5 g5 40. Re4 a5 41. Rxe5 Rxb4 42. Ne4 a4 43. Re6 a3 44. f3 Rxe4 45. Rxe4 Ra8 46. Re1 a2 47. Ra1 Ra3 48. Kf2 Kg6 0-1

[Event "55th Biel Festival MTO 2022"]
[Site "Biel"]
[Date "2022.07.15"]
[Round "1.28"]
[White "Pavlovic Milos"]
[Black "Collin Moritz Valentin"]
[Result "1-0"]
[ECO "A33"]
[WhiteElo "2461"]
[BlackElo "2129"]
[Annotator "ChessBase"]
[PlyCount "65"]
[EventDate "2022.07.13"]
[EventType "swiss"]
[EventCountry "SUI"]
[SourceTitle "playchess.com"]
[Source "ChessBase"]
[SourceQuality "1"]
[TimeControl "40/5400+30:1800+30"]

1. Nf3 Nf6 2. c4 e6 3. g3 c5 4. Bg2 Nc6 5. O-O Be7 6. d4 cxd4 7. Nxd4 O-O 8. Nc3 a6 9. Bf4 Nxd4 10. Qxd4 d6 11. Qd3 Qc7 12. Rfd1 Rd8 13. Rac1 Nh5 14. Be3 Bd7 15. Qe4 Bc6 16. Nd5 Qd7 17. Bb6 Rdc8 18. Nxe7+ Qxe7 19. Qd4 Bxg2 20. Kxg2 Rc6 21. Ba5 b6 22. Bb4 Rd8 23. Qe4 Qc7 24. c5 Qc8 25. Qf3 g6 26. g4 Ng7 27. Bc3 Rxc5 28. b4 Rc4 29. Qf6 Rxc3 30. Rxc3 Qd7 31. Rdc1 e5 32. Qxd8+ Qxd8 33. Rc8 1-0

[Event "55th Biel Festival MTO 2022"]
[Site "Biel"]
[Date "2022.07.15"]
[Round "1.31"]
[White "Nguyen Thu Giang"]
[Black "Panjwani Raja"]
[Result "0-1"]
[ECO "B27"]
[WhiteElo "2119"]
[BlackElo "2450"]
[Annotator "ChessBase"]
[PlyCount "52"]
[EventDate "2022.07.13"]
[EventType "swiss"]
[EventCountry "SUI"]
[SourceTitle "playchess.com"]
[Source "ChessBase"]
[SourceQuality "1"]
[TimeControl "40/5400+30:1800+30"]

1. e4 c5 2. Nf3 g6 3. c3 d5 4. Bb5+ Bd7 5. Bxd7+ Qxd7 6. Ne5 Qe6 7. Qa4+ Nc6 8. Nxc6 Qxc6 9. Qxc6+ bxc6 10. d3 Nf6 11. Nd2 Bh6 12. f3 Rb8 13. b3 Nd7 14. Nf1 Bg7 15. Bb2 f5 16. Ne3 e6 17. O-O Ne5 18. d4 cxd4 19. cxd4 Nd3 20. e5 c5 21. f4 cxd4 22. Nc2 Bf8 23. Nxd4 Kd7 24. Rf3 Be7 25. g3 g5 26. Kf1 Rhg8 0-1

[Event "55th Biel Festival MTO 2022"]
[Site "Biel"]
[Date "2022.07.15"]
[Round "1.33"]
[White "Jarmany John"]
[Black "Gurel Ediz"]
[Result "0-1"]
[ECO "D10"]
[WhiteElo "2111"]
[BlackElo "2435"]
[Annotator "ChessBase"]
[PlyCount "51"]
[EventDate "2022.07.13"]
[EventType "swiss"]
[EventCountry "SUI"]
[SourceTitle "playchess.com"]
[Source "ChessBase"]
[SourceQuality "1"]
[TimeControl "40/5400+30:1800+30"]

1. d4 d5 2. c4 c6 3. cxd5 cxd5 4. Bf4 Nc6 5. Nc3 Nf6 6. e3 Bf5 7. Bd3 Bxd3 8. Qxd3 e6 9. Nge2 Bd6 10. O-O O-O 11. Rad1 Rc8 12. f3 Bxf4 13. Nxf4 Qb6 14. Qb5 Qc7 15. Qe2 Rfd8 16. Rfe1 Ne8 17. Nd3 Nd6 18. f4 Qa5 19. Nc1 Qb6 20. Na4 Qa5 21. Nc3 Qc7 22. Rf1 Qe7 23. Qd2 f5 24. Qe2 h6 25. h4 Kh7 26. h5 0-1

[Event "55th Biel Festival MTO 2022"]
[Site "Biel"]
[Date "2022.07.15"]
[Round "1.35"]
[White "Akshit Kumar J"]
[Black "Souleidis Georgios"]
[Result "1/2-1/2"]
[ECO "B11"]
[WhiteElo "2103"]
[BlackElo "2426"]
[Annotator "ChessBase"]
[PlyCount "71"]
[EventDate "2022.07.13"]
[EventType "swiss"]
[EventCountry "SUI"]
[SourceTitle "playchess.com"]
[Source "ChessBase"]
[SourceQuality "1"]
[TimeControl "40/5400+30:1800+30"]

1. e4 c6 2. Nc3 d5 3. Nf3 Bg4 4. h3 Bxf3 5. Qxf3 e6 6. d3 Nd7 7. Be2 Bc5 8. O-O Ne7 9. Rd1 d4 10. Nb1 Ng6 11. Qg3 O-O 12. Nd2 e5 13. Nf3 Qe7 14. h4 Bd6 15. Re1 c5 16. h5 Nf4 17. Nh4 Rfe8 18. Nf5 Qf6 19. Qg4 Nf8 20. g3 Nxe2+ 21. Rxe2 g6 22. Bh6 Bc7 23. f4 Ne6 24. Rf1 Kh8 25. hxg6 fxg6 26. Nh4 Rg8 27. Bg5 Nxg5 28. fxg5 Qb6 29. Rf7 Raf8 30. Ref2 Rxf7 31. Rxf7 Qd6 32. Qh3 Rg7 33. Qc8+ Bd8 34. Rf6 Qc7 35. Rf8+ Rg8 36. Nf3 1/2-1/2